 Dungeon Crawl Stone Soup version 0.27.0-1-g7a089689b8 (webtiles) character file.

Game seed: 18420216157595390138

38525 Alakanar the Spear-Bearer (level 13, -15/105 HPs)
             Began as a Palentonga Fighter on Aug 4, 2021.
             Was a Plaything of Xom.
             Demolished by a boulder beetle (49 damage)
             ... on level 15 of the Dungeon on Aug 5, 2021.
             The game lasted 01:12:53 (14659 turns).

Alakanar the Spear-Bearer (Palentonga Fighter)     Turns: 14659, Time: 01:12:53

Health: -15/105    AC: 35    Str: 31 (32) XL:     13   Next: 64%
Magic:  13/13      EV:  2    Int: 15      God:    Xom [.....*]
Gold:   1133       SH: 17    Dex: 19      Spells: 12/12 levels left

rFire    . . .     SeeInvis +   H - +5 trident of the Land of Plenty {vorpal, Fragile rPois Dex+4 SInv}
rCold    + . .     Faith    +   c - +0 kite shield
rNeg     . . .     Spirit   .   V - +0 crystal plate armour "Bodysiol" {Str+5 Int-2 Dex+2}
rPois    +         Reflect  .   U - +1 hat
rElec    .         Harm     .   j - +0 cloak
rCorr    .         Rampage  .   a - +0 pair of gloves
Will     .....                  l - +3 barding "Juobiuwohez" {Drain Str+2 Int+8}
Stlth    ..........             i - amulet of faith
HPRegen  0.27/turn              W - ring of flight
MPRegen  0.13/turn              t - ring of protection from cold

@: unable to read, cleaving, flying, curled up
A: large, rugged brown scales 3, see invisible, deformed body, roll 1, armoured
tail, reflexive curl, fangs 1, talons 2, iridescent scales 1, large bone plates
1, agile 2, deterioration 1, screaming 2, wild magic 1, inability to read while
threatened, noise suppression
a: Rolling Charge, Renounce Religion


You were on level 15 of the Dungeon.
You worshipped Xom.
You were Xom's teddy bear.
You visited 1 branch of the dungeon, and saw 14 of its levels.

You collected 1223 gold pieces.
You spent 90 gold pieces at shops.

Inventory:

Hand Weapons
 F - a +3 scimitar of flaming
 H - the +5 trident of the Land of Plenty (weapon) {vorpal, Fragile rPois Dex+4 SInv}
   (You found it on level 7 of the Dungeon)

   It inflicts extra damage upon your enemies.
   Dex:       It affects your dexterity (+4).
   rPois:     It protects you from poison.
   SInv:      It lets you see invisible.
   Fragile:   It will be destroyed if unequipped.
 S - a +4 battleaxe of freezing
Missiles
 C - 3 throwing nets
Armour
 a - a +0 pair of gloves (worn)
 c - a +0 kite shield (worn)
 g - +0 acid dragon scales
 j - a +0 cloak (worn)
 l - the +3 barding "Juobiuwohez" (worn) {Drain Str+2 Int+8}
   (Xom gifted it to you on level 2 of the Dungeon)

   Str:       It affects your strength (+2).
   Int:       It affects your intelligence (+8).
   Drain:     It drains your maximum health when unequipped.
 I - the +3 leather armour of Lethargy {Regen+}
   (You found it on level 7 of the Dungeon)

   Regen:     It increases your rate of health regeneration.
 J - a +0 pair of boots
 N - a +2 robe of willpower
 T - the +2 chain mail of Bedevilment {rF- rCorr Dex+4}
   (You took it off an orc warrior on level 9 of the Dungeon)

   Dex:       It affects your dexterity (+4).
   rF:        It makes you vulnerable to fire.
   rCorr:     It protects you from acid and corrosion.
 U - a +1 hat (worn)
 V - the +0 crystal plate armour "Bodysiol" (worn) {Str+5 Int-2 Dex+2}
   (You found it on level 9 of the Dungeon)

   Str:       It affects your strength (+5).
   Int:       It affects your intelligence (-2).
   Dex:       It affects your dexterity (+2).
Jewellery
 b - a ring of magical power
 i - an amulet of faith (around neck)
 s - a ring of resist corrosion
 t - a ring of protection from cold (right hand)
 v - a ring of fire
 x - the ring of Ychy {rF+ rC+ rCorr Stlth+}
   (You found it on level 14 of the Dungeon)

   [ring of protection from cold]

   rF:        It protects you from fire.
   rC:        It protects you from cold.
   rCorr:     It protects you from acid and corrosion.
   Stlth:     It makes you more stealthy.
 z - a +4 ring of evasion
 B - a ring of poison resistance
 E - a +4 ring of evasion
 P - an amulet of the acrobat
 R - a ring of protection from cold
 W - a ring of flight (left hand)
Wands
 o - a wand of digging (16)
Scrolls
 e - a scroll of summoning
 f - a scroll of identify
 h - 2 scrolls of enchant armour
 n - a scroll of torment {unknown}
 p - a scroll of magic mapping
 q - 7 scrolls of teleportation
 u - a scroll of vulnerability
 w - 2 scrolls of enchant weapon {unknown}
 y - 2 scrolls of fear
 A - a scroll of acquirement
 D - a scroll of amnesia {unknown}
 Y - 2 scrolls of immolation {unknown}
Potions
 d - a potion of mutation {unknown}
 k - 2 potions of lignification
 m - 6 potions of curing
 r - 2 potions of degeneration {unknown}
 K - 2 potions of attraction {unknown}
 L - 2 potions of resistance
 Z - 3 potions of cancellation {unknown}


   Skills:
 + Level 8.6 Fighting
 + Level 8.3 Maces & Flails
 * Level 13.9 Polearms
 + Level 7.1 Armour
 + Level 2.9 Stealth
 + Level 9.7 Shields


You had 12 spell levels left.
You didn't know any spells.
Your spell library contained the following spells:

 Spells                   Type           Power      Damage    Failure   Level
 Animate Skeleton         Necr           0%         N/A       100%        1
 Apportation              Tloc           0%         N/A       100%        1
 Corona                   Hex            0%         N/A       100%        1
 Freeze                   Ice            0%         1d3       100%        1
 Summon Small Mammal      Summ           0%         N/A       100%        1
 Slow                     Hex            0%         N/A       100%        2
 Static Discharge         Conj/Air       0%         N/A       100%        2
 Call Canine Familiar     Summ           0%         N/A       100%        3
 Confusing Touch          Hex            0%         N/A       100%        3
 Frozen Ramparts          Ice            0%         1d2       100%        3
 Gell's Gravitas          Tloc           0%         N/A       100%        3
 Ignite Poison            Fire/Tmut/Pois 0%         N/A       100%        3
 Mephitic Cloud           Conj/Pois/Air  0%         N/A       100%        3
 Portal Projectile        Hex/Tloc       0%         N/A       100%        3
 Teleport Other           Tloc           0%         N/A       100%        3
 Vampiric Draining        Necr           0%         2d6       100%        3
 Dispel Undead            Necr           0%         3d6       100%        4
 Hailstorm                Conj/Ice       0%         3d3       100%        4
 Leda's Liquefaction      Hex/Erth       0%         N/A       100%        4
 Sticky Flame             Conj/Fire      0%         2d3       100%        4
 Alistair's Intoxication  Tmut/Pois      0%         N/A       100%        5
 Bolt of Magma            Conj/Fire/Erth 0%         4d4       100%        5
 Summon Forest            Summ/Tloc      0%         N/A       100%        5
 Summon Mana Viper        Hex/Summ       0%         N/A       100%        5
 Dispersal                Tloc           0%         N/A       100%        6
 Shadow Creatures         Summ           N/A        N/A       100%        6
 Storm Form               Tmut/Air       0%         N/A       100%        7
 Necromutation            Tmut/Necr      0%         N/A       100%        8


Dungeon Overview and Level Annotations

Branches:
Dungeon (15/15)            Temple (0/1) D:5            Lair (0/6) D:11
    Orc (0/2) D:9          Vaults (0/5) D:13         Depths (0/5) D:15

Altars:
Cheibriados
Elyvilon
Fedhas
Gozag
Hepliaklqana
Kikubaaqudgha
Makhleb
Okawaru
Ru
Trog
Xom
Zin
The Shining One
Beogh

Shops:
D:7 !(   D:10 *   D:14 [

Portals:
Trove: D:10 (give 8 potions of haste)


Innate Abilities, Weirdness & Mutations

You are completely covered in rugged brown scales. (AC +3, +7% HP)
You have supernaturally acute eyesight. (SInv)
Armour fits poorly on your strangely shaped body.
You can roll at nearby foes to attack.
You have a long armoured tail.
You curl defensively after being hit.
You have very sharp teeth.
You have razor-sharp toenails.
You are partially covered in iridescent scales. (AC +2)
You are partially covered in large bone plates. (SH +4)
You are very agile. (Dex +4)
Your body sometimes deteriorates upon taking damage.
You frequently scream uncontrollably at your foes.
Your spells are a little harder to cast, but a little more powerful.
You sometimes lose the ability to read scrolls when taking damage.
You passively dampen the noise of your surroundings.


Message History

You feel threatened and lose the ability to read scrolls!
Okay, then.
Roll where?
Press: ? - help, Dir - move target, f - efreet
Aim: an efreet, wielding a +3 scimitar of flaming You roll forward with a clatter of scales!
You puncture the efreet!
The efreet is moderately wounded.
The efreet hits you with a +3 scimitar of flaming.
The efreet burns you.
You hit the efreet but do no damage. You tail-slap the efreet.
Your bite misses the efreet.
The efreet is moderately wounded.
You hit the efreet but do no damage.
The efreet is moderately wounded.
The efreet gestures at you.
The fireball explodes!
The fireball engulfs you!!
* * * LOW HITPOINT WARNING * * *
Xom thinks this is hilarious!
The fireball engulfs the efreet.
The efreet completely resists.
You are too injured to fight recklessly!
You are too injured to fight recklessly!
You are too injured to fight recklessly!
You are too injured to fight recklessly!
Unknown command.
You are too injured to fight recklessly!
You are too injured to fight recklessly!
You are too injured to fight recklessly!
You block the efreet's attack.
You puncture the efreet! You bite the efreet.
You kill the efreet!
You see here a +3 scimitar of flaming.
F - a +3 scimitar of flaming A boulder beetle is nearby!
The boulder beetle curls into a ball and begins rolling!
Xom smiles on you.
The +5 trident of the Land of Plenty {vorpal, Fragile rPois Dex+4 SInv} looks sharp.
The boulder beetle hits you!!!
You die...
Xom laughs nastily!

# ... ........#.### #<####.##
#... .....#.#.###
.###.#...#.###.C# #...........
.....§§.........# #...##.#.##.
#.§.≈.≈.≈/..#...# #...##.#.##.
..§≈§≈.§≈≈≈..#..######..###.#....
.(§#≈.≈§≈#§§.#...#..#...°○..#....
.≈§§≈§.≈§≈≈≈.#......°....##...)..
..≈≈..C..≈§..#..@B°°....######...
.≈#≈..>..≈#≈..#........## #...
..≈§.....≈≈.......###### ###.
.≈≈§≈§§§≈≈≈≈.####.# #.
..≈#≈§≈≈§#§. #.# #. ≈§≈ #.# ## ≈§
#.# ... ...


You could see a stone giant and a boulder beetle (rolling).

Vanquished Creatures
  An ironbound preserver (D:13)
  Harold (D:7)
  A boulder beetle (D:11)
  A catoblepas (D:13)
  5 centaur warriors
  An ogre mage (D:8)
  A death knight (D:15)
  Erica (D:8)
  3 two-headed ogres
  A tengu warrior (D:13)
  The ghost of wheals the Carver, a novice DjGl of Okawaru (D:9)
  3 skeletal warriors (D:9)
  An orc knight (D:15)
  Pikel (D:7)
  2 deep elf pyromancers
  An orc sorcerer (D:15)
  6 ugly things
  A faun (D:8)
  7 manticores
  2 cyclopes
  Maurice (D:9)
  An ice statue (D:14)
  Maggie (D:8)
  A gargoyle (D:13)
  3 kobold demonologists
  An efreet (D:15)
  4 freezing wraiths
  4 unseen horrors
  2 polar bears
  6 trolls
  A blink frog (shapeshifter) (D:8)
  4 slime creatures
  A centaur simulacrum (D:13)
  8 yaks
  A vampire (D:13)
  3 wyverns
  2 wraiths
  A shapeshifter (D:14)
  A basilisk (D:15)
  4 vampire mosquitoes
  4 wargs
  3 acid dragons
  A water moccasin (D:8)
  9 orc warriors
  10 ice beasts
  2 sky beasts (D:8)
  6 ogres
  2 necrophages
  17 centaurs
  A phantom (D:5)
  4 kobold brigands (D:9)
  A bullfrog (D:14)
  A gnoll sergeant (D:9)
  A water moccasin zombie (D:5)
  4 killer bees (D:8)
  7 howler monkeys
  A wight (D:8)
  A bullfrog zombie (D:5)
  3 centaur zombies
  2 hounds
  3 jellies
  5 orc priests
  A bullfrog skeleton (D:5)
  2 iguanas (D:6)
  8 orc wizards
  A killer bee zombie (D:9)
  2 howler monkey zombies
  7 gnolls
  5 adders
  A shadow imp (D:5)
  2 white imps
  An ufetubus (D:6)
  An adder skeleton (D:5)
  An adder zombie (D:5)
  A worm (D:3)
  A dart slug (D:2)
  61 orcs
  7 ball pythons
  2 endoplasms
  5 giant cockroaches
  10 goblins
  7 hobgoblins
  3 quokkas (D:2)
  3 bats
  4 frilled lizards
  12 kobolds
  6 rats
  A bush (D:8)
334 creatures vanquished.

Vanquished Creatures (collateral kills)
  A skeletal warrior (D:9)
  An efreet (D:13)
  A tengu conjurer (D:13)
  2 vampire mosquitoes
  A warg (D:15)
  A floating eye (D:15)
  An orc warrior (D:9)
  2 phantoms
  An orc priest (D:4)
  2 gnolls (D:3)
  6 orcs
  An endoplasm (D:3)
  A kobold (D:4)
  A ball python (D:3)
22 creatures vanquished.

Vanquished Creatures (others)
  A dancing weapon (D:15)
  A skeletal warrior (D:9)
  An orc (D:8)
  A plant (D:4)
4 creatures vanquished.

Grand Total: 360 creatures vanquished

Notes
Turn   | Place    | Note
-------+----------+-------------------------------------------
     0 | D:1      | Alakanar the Palentonga Fighter began the quest for the
                  | Orb.
     0 | D:1      | Reached XP level 1. HP: 19/19 MP: 1/1
   452 | D:1      | Reached XP level 2. HP: 25/25 MP: 2/2
   487 | D:1      | Found a faded altar of an unknown god.
   493 | D:1      | Reached skill level 2 in Polearms
   585 | D:1      | Became a worshipper of Xom of Chaos
   707 | D:2      | XOM: silly message
   772 | D:2      | XOM: potion effect (haste)
   787 | D:2      | Reached XP level 3. HP: 18/31 MP: 3/3
   972 | D:2      | XOM: give mutations
   972 | D:2      | Gained mutation: You have very sharp teeth. [Xom's grace]
   972 | D:2      | Gained mutation: You are partially covered in iridescent
                  | scales. (AC +2) [Xom's grace]
   972 | D:2      | Gained mutation: Your mind is acute. (Int +2) [Xom's grace]
  1014 | D:2      | XOM: scenery: create altars
  1047 | D:2      | Identified the +3 barding "Juobiuwohez" {Drain Str+2 Int+8}
                  | (Xom gifted it to you on level 2 of the Dungeon)
  1047 | D:2      | XOM: god gift: +3 barding "Juobiuwohez" {Drain Str+2 Int+8}
  1101 | D:2      | XOM: scenery: summon butterflies
  1152 | D:2      | XOM: god gift: book of the Hunter
  1275 | D:2      | XOM: 7-stop teleportation journey
  1358 | D:2      | XOM: 3-stop teleportation journey
  1383 | D:2      | XOM: divination: magic mapping
  1618 | D:2      | Reached XP level 4. HP: 37/37 MP: 4/4
  1722 | D:2      | XOM: 1-stop teleportation journey
  1828 | D:3      | XOM: summons 4 friendly demons
  1838 | D:3      | Reached skill level 3 in Polearms
  1885 | D:3      | Found an iron altar of Okawaru.
  1927 | D:3      | Found an opulent altar of Gozag.
  1959 | D:3      | Found a hazy altar of Hepliaklqana.
  2010 | D:3      | XOM: scenery: summon butterflies
  2050 | D:3      | XOM is BORED!
  2050 | D:3      | XOM: smoke on damage
  2050 | D:3      | XOM: torment (20/37 hp)
  2347 | D:3      | Noticed a phantom
  2355 | D:3      | XOM: summons friendly white imp
  2358 | D:3      | Killed a phantom
  2359 | D:3      | Reached skill level 1 in Maces & Flails
  2359 | D:3      | Reached XP level 5. HP: 40/43 MP: 5/5
  2738 | D:3      | Found a glowing silver altar of Zin.
  2864 | D:4      | HP: 2/44 [orc (5)]
  3251 | D:4      | Reached XP level 6. HP: 36/51 MP: 6/6
  3264 | D:4      | XOM: summons 6 friendly demons
  3387 | D:4      | XOM: smoke on damage
  3390 | D:4      | XOM: summons 6 friendly demons
  3602 | D:4      | Found a blossoming altar of Fedhas.
  3641 | D:5      | Entered Level 5 of the Dungeon
  3647 | D:5      | XOM is BORED!
  3647 | D:5      | XOM: noise
  3649 | D:5      | XOM: summons 1 hostile demon
  3760 | D:5      | Gained mutation: You curl defensively after being hit.
                  | [Palentonga growth]
  3760 | D:5      | Reached XP level 7. HP: 57/57 MP: 7/7
  3766 | D:5      | Reached skill level 4 in Polearms
  3872 | D:5      | XOM: enchant monster (bad)
  3890 | D:5      | XOM: swap monsters
  3894 | D:5      | XOM: 2-stop teleportation journey
  3994 | D:5      | XOM: stat loss: -1 Str (23/24)
  4167 | D:5      | Found a snail-covered altar of Cheibriados.
  4168 | D:5      | Found a burning altar of Makhleb.
  4174 | D:5      | Found a glowing golden altar of the Shining One.
  4174 | D:5      | Found a white marble altar of Elyvilon.
  4176 | D:5      | Found a sacrificial altar of Ru.
  4177 | D:5      | Found an ancient bone altar of Kikubaaqudgha.
  4182 | D:5      | XOM: give mutations
  4182 | D:5      | Lost mutation: You are partially covered in iridescent
                  | scales. (AC +2) [Xom's mischief]
  4182 | D:5      | Gained mutation: Your body sometimes deteriorates upon
                  | taking damage. [Xom's mischief]
  4182 | D:5      | Gained mutation: You are clumsy. (Dex -2) [Xom's mischief]
  4182 | D:5      | Gained mutation: You passively dampen the noise of your
                  | surroundings. [Xom's mischief]
  4246 | D:5      | Found a staircase to the Ecumenical Temple.
  4377 | D:5      | XOM: give mutations
  4377 | D:5      | Gained mutation: You are weak. (Str -2) [Xom's mischief]
  4377 | D:5      | Gained mutation: You occasionally shout uncontrollably at
                  | your foes. [Xom's mischief]
  4377 | D:5      | Gained mutation: You sometimes lose the ability to read
                  | scrolls when taking damage. [Xom's mischief]
  4578 | D:6      | Got Funlutib's Almanac of Transformation
  4630 | D:6      | Noticed a two-headed ogre
  4640 | D:6      | Killed a two-headed ogre
  4641 | D:6      | Reached skill level 5 in Maces & Flails
  4641 | D:6      | Reached XP level 8. HP: 23/65 MP: 8/8
  4865 | D:6      | Reached skill level 5 in Polearms
  5056 | D:6      | XOM: fake destruction
  5108 | D:6      | XOM: give mutations
  5108 | D:6      | Lost mutation: You are clumsy. (Dex -2) [Xom's grace]
  5108 | D:6      | Gained mutation: You are partially covered in large bone
                  | plates. (SH +4) [Xom's grace]
  5108 | D:6      | Gained mutation: You are agile. (Dex +2) [Xom's grace]
  5108 | D:6      | Gained mutation: You are partially covered in iridescent
                  | scales. (AC +2) [Xom's grace]
  5127 | D:6      | XOM: give mutations
  5127 | D:6      | Gained mutation: You have an increased reservoir of magic.
                  | (+10% MP) [Xom's grace]
  5127 | D:6      | Gained mutation: Your spells are a little harder to cast,
                  | but a little more powerful. [Xom's grace]
  5254 | D:6      | XOM: god gift: 47 gold pieces
  5279 | D:7      | Noticed Harold
  5280 | D:7      | XOM: summons friendly shadow imp
  5307 | D:7      | XOM: potion effect (invisibility)
  5314 | D:7      | Killed Harold
  5315 | D:7      | Reached skill level 5 in Fighting
  5315 | D:7      | Reached XP level 9. HP: 8/72 MP: 9/9
  5570 | D:7      | Found Wagre's Distillery.
  5570 | D:7      | XOM: 4-stop teleportation journey
  5724 | D:7      | XOM: give mutation
  5724 | D:7      | Lost mutation: You have an increased reservoir of magic.
                  | (+10% MP) [Xom's mischief]
  5880 | D:7      | Found Kienatho's Weapon Shop.
  5947 | D:7      | Identified the +5 trident of the Land of Plenty {vorpal,
                  | Fragile rPois Dex+4 SInv}
  5987 | D:7      | Reached skill level 5 in Shields
  6003 | D:7      | Identified the +3 leather armour of Lethargy {Regen+}
  6026 | D:7      | Noticed Pikel
  6028 | D:7      | XOM: swap monsters
  6029 | D:7      | XOM: summons 9 friendly demons
  6032 | D:7      | Killed Pikel
  6033 | D:7      | Reached skill level 6 in Polearms
  6038 | D:7      | XOM: god gift: book of Frost
  6191 | D:7      | XOM: give mutations
  6191 | D:7      | Lost mutation: Your mind is acute. (Int +2) [Xom's
                  | mischief]
  6191 | D:7      | Gained mutation: You have sharp toenails. [Xom's mischief]
  6191 | D:7      | Lost mutation: You are weak. (Str -2) [Xom's mischief]
  6191 | D:7      | Gained mutation: You frequently scream uncontrollably at
                  | your foes. [Xom's mischief]
  6201 | D:7      | XOM: silly message
  6584 | D:8      | Noticed a two-headed ogre
  6587 | D:8      | XOM: summons friendly iron imp
  6589 | D:8      | XOM: enchant monster (good)
  6605 | D:8      | Noticed Erica
  6609 | D:8      | XOM: enchant monster (good)
  6614 | D:8      | Killed a two-headed ogre
  6615 | D:8      | Reached skill level 1 in Stealth
  6615 | D:8      | Reached XP level 10. HP: 50/81 MP: 10/10
  6637 | D:8      | Killed Erica
  6638 | D:8      | Reached skill level 7 in Polearms
  6718 | D:8      | Reached skill level 5 in Armour
  6996 | D:8      | XOM: divination: detect creatures
  7002 | D:8      | XOM: enchant monster (bad)
  7020 | D:8      | Reached skill level 8 in Polearms
  7076 | D:8      | Noticed a boulder beetle
  7088 | D:8      | XOM: blink monster(s)
  7090 | D:8      | XOM: cast spell 'Discord'
  7102 | D:8      | Noticed a faun
  7102 | D:8      | a boulder beetle changed into a faun
  7102 | D:8      | XOM: polymorph boulder beetle -> faun
  7107 | D:8      | Killed a faun
  7115 | D:8      | XOM: draining
  7148 | D:8      | Noticed a red ugly thing
  7154 | D:8      | Noticed an ogre mage
  7161 | D:8      | XOM: enchant monster (bad)
  7162 | D:8      | Killed a red ugly thing
  7169 | D:8      | Killed an ogre mage
  7169 | D:8      | XOM: swap monsters
  7170 | D:8      | Reached skill level 9 in Polearms
  7302 | D:8      | XOM: snakes to sticks
  7302 | D:8      | Noticed a deep elf pyromancer
  7307 | D:8      | Reached XP level 11. HP: 88/88 MP: 11/11
  7332 | D:8      | Killed a deep elf pyromancer
  7541 | D:8      | Noticed Maggie
  7544 | D:8      | XOM: confuse monster(s)
  7557 | D:8      | XOM: smoke on damage
  7561 | D:8      | Killed Maggie
  7686 | D:9      | Noticed a skeletal warrior
  7689 | D:9      | Noticed a skeletal warrior
  7692 | D:9      | XOM: divination: magic mapping
  7693 | D:9      | XOM: divination: detect items
  7695 | D:9      | XOM: cast spell 'Monstrous Menagerie'
  7700 | D:9      | XOM: confuse monster(s)
  7711 | D:9      | Killed a skeletal warrior
  7712 | D:9      | Reached skill level 10 in Polearms
  7715 | D:9      | Killed a skeletal warrior
  7780 | D:9      | XOM: silly message
  7833 | D:9      | Found a runed translucent gate.
  7835 | D:9      | Noticed wheals's ghost (novice DjGl)
  7836 | D:9      | Identified the +2 chain mail of Bedevilment {rF- rCorr
                  | Dex+4}
  7837 | D:9      | Found a runed translucent gate.
  7838 | D:9      | Found a runed translucent gate.
  7861 | D:9      | XOM: cast spell 'Shadow Creatures'
  7890 | D:9      | XOM: silly message
  7891 | D:9      | Killed wheals's ghost
  7934 | D:9      | Identified the +0 crystal plate armour "Bodysiol" {Str+5
                  | Int-2 Dex+2}
  7941 | D:9      | XOM: noise
  8120 | D:9      | XOM: noise
  8122 | D:9      | Noticed Maurice
  8142 | D:9      | XOM: noise
  8153 | D:9      | Killed Maurice
  8155 | D:9      | XOM: potion effect (invisibility)
  8171 | D:9      | XOM: potion effect (might)
  8175 | D:9      | XOM: divination: detect items
  8178 | D:9      | XOM: divination: detect items
  8198 | D:9      | XOM: potion effect (invisibility)
  8211 | D:9      | XOM: cast spell 'Alistair's Intoxication'
  8249 | D:9      | XOM: cast spell 'Alistair's Intoxication'
  8268 | D:9      | XOM: 7-stop teleportation journey
  8329 | D:9      | XOM: scenery: summon butterflies
  8463 | D:9      | Noticed a skeletal warrior
  8464 | D:9      | Noticed a skeletal warrior
  8471 | D:9      | Killed a skeletal warrior
  8472 | D:9      | Reached skill level 11 in Polearms
  8477 | D:9      | Killed a skeletal warrior
  8552 | D:9      | Noticed a skeletal warrior
  8561 | D:9      | XOM: enchant monster (good)
  8570 | D:9      | Killed a skeletal warrior
  8749 | D:9      | Found a staircase to the Orcish Mines.
  8773 | D:9      | XOM: cast spell 'Call Canine Familiar'
  8782 | D:9      | XOM: summons friendly shadow imp
  9053 | D:10     | Entered Level 10 of the Dungeon
  9053 | D:10     | Found Wodugyag's Assorted Antiques.
  9062 | D:10     | Bought a potion of curing for 90 gold pieces
  9091 | D:10     | XOM: silly message
  9135 | D:10     | XOM: confusion (+ monsters)
  9159 | D:10     | XOM: enchant monster (bad)
  9187 | D:10     | XOM: divination: detect items
  9237 | D:10     | Identified a scroll of acquirement
  9376 | D:10     | XOM: 1-stop teleportation journey
  9440 | D:10     | Reached XP level 12. HP: 75/97 MP: 12/12
  9779 | D:10     | Found a portal to a secret trove of treasure.
  9845 | D:10     | XOM: cast spell 'Metabolic Englaciation'
  9852 | D:10     | Found a bloodstained altar of Trog.
  9968 | D:11     | XOM: noise
  9974 | D:11     | XOM: divination: detect creatures
  9983 | D:10     | XOM: scenery: 2 doors close
  9984 | D:10     | XOM: confuse monster(s)
  9990 | D:10     | XOM: noise
 10115 | D:11     | XOM: divination: magic mapping
 10117 | D:11     | XOM: divination: magic mapping
 10119 | D:11     | XOM: god gift: 21 sling bullets
 10136 | D:11     | Noticed a boulder beetle
 10138 | D:11     | Found a staircase to the Lair.
 10139 | D:11     | XOM: cast spell 'Shadow Creatures'
 10144 | D:11     | XOM: scenery: create altars
 10154 | D:11     | Killed a boulder beetle
 10168 | D:11     | XOM: summons friendly quasit
 10328 | D:11     | Noticed a four-headed hydra
 10339 | D:11     | XOM: divination: magic mapping
 10487 | D:11     | Reached skill level 12 in Polearms
 10638 | D:11     | You fall into a shaft and drop 2 floors!
 10638 | D:13     | XOM: noise
 10648 | D:13     | Found a gate leading to a gauntlet.
 10650 | D:13     | XOM: summons friendly ufetubus
 10686 | D:13     | Noticed a two-headed ogre
 10688 | D:13     | XOM: fog
 10693 | D:13     | Killed a two-headed ogre
 10734 | D:13     | XOM: silly message
 10753 | D:13     | XOM: cloud trail
 10906 | D:13     | Noticed a centaur warrior
 10909 | D:13     | XOM: enchant monster (good)
 10924 | D:13     | Killed a centaur warrior
 10927 | D:13     | XOM: divination: magic mapping
 11062 | D:13     | XOM: scenery: create altars
 11110 | D:13     | XOM: confuse monster(s)
 11118 | D:13     | XOM: cleaving
 11162 | D:13     | XOM: destruction
 11167 | D:13     | XOM: confuse monster(s)
 11172 | D:13     | XOM: polymorph purple ugly thing -> brown ugly thing
 11247 | D:13     | XOM: silly message
 11395 | D:13     | Noticed a centaur warrior
 11399 | D:13     | Killed a centaur warrior
 11428 | D:13     | Noticed a tengu warrior
 11439 | D:13     | XOM: 2-stop teleportation journey
 11553 | D:13     | XOM: cleaving
 11555 | D:13     | XOM: polymorph cyclops -> polar bear
 11558 | D:13     | XOM: give mutations
 11558 | D:13     | Gained mutation: You are very agile. (Dex +4) [Xom's grace]
 11558 | D:13     | Gained mutation: You have razor-sharp toenails. [Xom's
                  | grace]
 11593 | D:13     | XOM: silly message
 11602 | D:13     | Found a gate to the Vaults.
 11602 | D:13     | Noticed an ironbound preserver
 11610 | D:13     | XOM: summons friendly quasit
 11616 | D:13     | XOM: confusion
 11629 | D:13     | XOM: potion effect (brilliance)
 11630 | D:13     | Killed an ironbound preserver
 11648 | D:13     | XOM: silly message
 11793 | D:13     | Noticed a catoblepas
 11805 | D:13     | Killed a catoblepas
 12012 | D:13     | XOM: divination: detect creatures
 12163 | D:13     | XOM: divination: detect creatures
 12251 | D:13     | Killed a tengu warrior
 12252 | D:13     | Reached skill level 13 in Polearms
 12252 | D:13     | Reached XP level 13. HP: 102/104 MP: 13/13
 12360 | D:14     | XOM: smoke on damage
 12414 | D:14     | XOM: cleaving
 12523 | D:14     | XOM: 2-stop teleportation journey
 12538 | D:14     | XOM: confusion
 12543 | D:14     | XOM: divination: magic mapping
 12828 | D:14     | XOM: silly message
 13063 | D:14     | XOM: summons friendly crimson imp
 13069 | D:14     | XOM: polymorph ice beast -> bullfrog
 13287 | D:14     | XOM: 2-stop teleportation journey
 13321 | D:14     | XOM: divination: detect items
 13348 | D:14     | XOM: cast spell 'Leda's Liquefaction'
 13349 | D:14     | XOM: divination: magic mapping
 13355 | D:14     | XOM: smoke on damage
 13356 | D:14     | XOM: summons 10 friendly demons
 13367 | D:14     | Identified the ring of Ychy {rF+ rC+ rCorr Stlth+}
 13689 | D:14     | Found Hygaatae's Antique Armour Emporium.
 13763 | D:14     | XOM: cloud trail
 13821 | D:14     | XOM: summons 7 friendly demons
 13912 | D:14     | XOM: scenery: create altars
 13926 | D:14     | XOM: silly message
 13952 | D:15     | Entered Level 15 of the Dungeon
 13965 | D:15     | Found a staircase to the Depths.
 13965 | D:15     | XOM: 3-stop teleportation journey
 13966 | D:15     | Noticed a stone giant
 13967 | D:15     | XOM: 1-stop teleportation journey
 13970 | D:15     | XOM: enchant monster (good)
 14091 | D:15     | XOM: scenery: summon butterflies
 14128 | D:15     | XOM: summons 2 friendly demons
 14136 | D:15     | XOM: summons 3 friendly demons
 14193 | D:15     | XOM: summons 3 friendly demons
 14205 | D:15     | XOM: scenery: create altars
 14214 | D:15     | XOM: swap monsters
 14216 | D:15     | XOM: swap monsters
 14217 | D:15     | XOM: confuse monster(s)
 14562 | D:15     | XOM: cloud trail
 14608 | D:15     | XOM: polymorph tengu warrior -> floating eye
 14656 | D:15     | XOM: cleaving
 14659 | D:15     | Demolished by a boulder beetle

Illustrated notes

Levels and vault maps discovered:
D:1:      wander_arrival_peaceful_grave, layout_basic, basic_ecumenical_altar
D:2:      layout_loops_ring
D:3:      layout_loops_ring, marbit_many_paths, old_standard_altar,
          pdpol_temple_overflow_zin_treasury_gozag_greed
D:4:      layout_loops_ring, fedhas_altar_1, serial_shops, kennysheep_mini_moat,
          kennysheep_nondescript, uniq_blork_the_orc
D:5:      minmay_recursive_quarters, layout_basic, grunt_temple_overflow_open,
          minmay_temple_entry_statues_pillars
D:6:      layout_loops_ring
D:7:      layout_basic, serial_shops, nicolae_stop_n_shop_1, shop_fountains,
          uniq_harold, uniq_pikel
D:8:      minmay_klotski, layout_basic, uniq_maggie, uniq_erica
D:9:      layout_cave_pools, kennysheep_orc_monster_closet_entryway,
          biasface_ghost_orc_armoury, uniq_maurice
D:10:     layout_roguey, trog_book, serial_shops,
          nicolae_shop_temple_entry_statues_fountains,
          nicolae_trove_entry_columns, kennysheep_dice
D:11:     minmay_quarter_circles, layout_small_grid, erik_lair_orcish_takeover
D:13:     layout_roguey, skrybe_vaults_entry_preservation,
          gauntlet_entry_generic
D:14:     layout_loops_ring, serial_shops, nicolae_shop_trees, ice2_lemuel
D:15:     grunt_enter_depths_giant_problem, layout_loops_ring,
          hangedman_decor_growths

Skill      XL: |  1  2  3  4  5  6  7  8  9 10 11 12 13 |
---------------+----------------------------------------+-----
Polearms       | 2 3 4 5 6 9 11 13 | 13.9
Armour         | 3 4 5 6 7 |  7.1
Shields        | 3 4 5 6 7 9 |  9.7
Maces & Flails | 1 2 3 5 7 8 |  8.3
Fighting       | 4 5 6 7 8 |  8.6
Stealth        | 1 2 |  2.9

Action                   |  1- 3 |  4- 6 |  7- 9 | 10-12 | 13-15 || total
-------------------------+-------+-------+-------+-------+-------++-------
Melee: Trident           |   127 |    23 |    28 |   674 |   222 ||  1074
       Tailslap          |    14 |    15 |    33 |   149 |    54 ||   265
       Bite              |     7 |     8 |    18 |   120 |    44 ||   197
       Morningstar       |       |    99 |   151 |       |       ||   250
       Mace              |       |       |    14 |       |       ||    14
 Abil: Rolling Charge    |     5 |     1 |     3 |     3 |     4 ||    16
Evoke: Wand              |       |       |     1 |     1 |       ||     2
  Use: Scroll            |       |       |     1 |     8 |       ||     9
 Stab: Distracted        |       |     1 |       |     3 |     2 ||     6
       Invisible         |       |       |     1 |     1 |       ||     2
       Petrified         |       |       |       |     3 |       ||     3
       Petrifying        |       |       |       |     1 |       ||     1
       Confused          |       |       |       |     7 |       ||     7
Armor: Scale mail        |    69 |    94 |   112 |       |       ||   275
       Chain mail        |       |       |     6 |       |       ||     6
       Leather armour    |       |       |     4 |    78 |       ||    82
       Crystal plate arm |       |       |       |   343 |    98 ||   441
Dodge: Dodged            |    29 |    19 |    42 |   164 |    10 ||   264
Block: Kite shield       |    53 |    66 |    97 |   690 |   136 ||  1042
